Map: Moondance

Players

Future

  • Race: Terran Terran
  • Spawn Location: 12:00

Jinioh - Winner!

  • Race: Terran Terran
  • Spawn Location: 6:00

Event: DreamHack SC2 Masters 2022 Atlanta (Offline)

VOD

Have the link to the VOD?

Description

Time

  • Played on: Nov. 18, 2022, 10:14 a.m.
  • Length: 8:37

All games in this series

Show
View Real Time Build Order
Export as new Build Order

Future Terran 

Build Orders:  

Get SALT Encoding   

  12  0:00  SCV  
  13  0:12  SCV  
  14  0:17  Supply Depot  
  14  0:24  SCV  
  15  0:38  SCV  
  15  0:39  Barracks  
  16  0:43  Refinery  
  16  0:50  SCV  
  16  0:52  Refinery  
  17  1:03  SCV  
  18  1:15  SCV  
  19  1:26  Reaper  
  19  1:27  Orbital Command  
  20  1:34  Supply Depot  
  20  1:41  Factory  
  20  1:53  SCV  
  21  1:59  Reaper  
  22  2:05  SCV  
  23  2:18  SCV  
  24  2:25  Hellion  
  25  2:31  Reaper  
  25  2:33  Command Center, SCV  
  27  2:42  Supply Depot  
  27  2:45  SCV  
  27  2:46  Hellion  
  29  2:55  Starport  
  29  2:57  SCV  
  29  3:10  SCV  
  29  3:11  Factory Tech Lab  
  30  3:12  Barracks Reactor  
  28  3:22  SCV  
  28  3:30  Cyclone  
  28  3:32  Starport Tech Lab  
  28  3:34  SCV  
  32  3:38  Refinery  
  30  3:46  SCV  
  31  3:50  Marine x2  
  31  3:52  Banshee  
  36  3:59  SCV  
  36  4:08  Siege Tank  
  36  4:09  Orbital Command  
  39  4:15  SCV, Marine x2  
  42  4:20  Supply Depot  
  42  4:27  SCV  
  43  4:33  Marine x2  
  43  4:35  SCV  
  43  4:36  Raven  
  48  4:39  SCV  
  49  4:47  SCV  
  49  4:48  Supply Depot  
  49  4:50  Siege Tank  
  49  4:51  SCV, Marine x2  
  56  4:55  Supply Depot  
  56  4:59  SCV  
  57  5:03  SCV  
  58  5:09  Marine x2  
  58  5:11  SCV  
  61  5:15  SCV  
  62  5:22  Siege Tank  
  62  5:23  SCV  
  62  5:27  SCV  
  67  5:35  Viking x2, SCV  
  70  5:39  SCV  
  70  5:40  Supply Depot  
  73  5:46  Command Center  
  73  5:47  SCV  
  72  5:51  SCV  
  72  5:54  Siege Tank  
  73  5:59  SCV  
  73  6:03  Supply Depot, Refinery  
  73  6:04  SCV  
  75  6:05  Viking x2  
  79  6:14  SCV  
  80  6:21  Marine  
  80  6:23  SCV  
  79  6:28  Barracks x2, Stimpack  
  79  6:29  Siege Tank  
  82  6:38  SCV x2  
  80  6:48  Viking x2  
  80  6:50  SCV x2  
  85  6:56  Marine  
  85  7:01  Barracks  
  85  7:02  SCV x2  
  85  7:04  Barracks  
  85  7:10  Siege Tank  
  88  7:18  SCV  
  88  7:22  SCV  
  87  7:26  Marine  
  63  7:30  SCV  
  63  7:31  Viking x2  
  63  7:33  Marine  
  63  7:34  SCV  
  67  7:48  Marine  
  67  7:50  Marine  
  47  7:51  Siege Tank  
  47  7:52  Marine x2  
  47  7:54  SCV x2  
  47  7:55  Marine  
  38  8:06  Marine  
  38  8:08  Marine  
  38  8:09  Marine  
  38  8:10  Marine  
  38  8:13  Marine  
Show
View Real Time Build Order
Export as new Build Order

Jinioh Terran - Winner!

Build Orders:  

Get SALT Encoding   

  12  0:00  SCV  
  13  0:12  SCV  
  14  0:16  Supply Depot  
  14  0:24  SCV  
  14  0:27  Refinery  
  15  0:39  Barracks  
  15  0:43  SCV  
  15  0:49  Refinery  
  16  0:55  SCV  
  17  1:07  SCV  
  18  1:19  SCV  
  19  1:26  Reaper  
  19  1:30  Factory  
  20  1:36  Orbital Command  
  20  1:52  Supply Depot  
  20  1:58  Reaper  
  21  2:03  SCV  
  22  2:14  Hellion  
  25  2:15  SCV  
  25  2:27  SCV  
  25  2:30  Command Center  
  25  2:33  Reaper  
  26  2:42  SCV  
  26  2:44  Hellion  
  29  2:51  Starport  
  29  2:53  Supply Depot  
  29  3:00  SCV  
  30  3:07  Barracks Reactor  
  30  3:09  Hellion  
  30  3:12  SCV  
  31  3:27  SCV  
  31  3:29  Starport Tech Lab  
  31  3:31  Factory Tech Lab  
  32  3:39  SCV  
  33  3:42  Orbital Command  
  33  3:45  Refinery  
  33  3:47  Marine  
  33  3:48  Raven, Marine  
  35  3:51  SCV  
  38  4:04  SCV  
  38  4:06  Cyclone  
  38  4:12  Marine x2  
  38  4:14  SCV  
  38  4:16  SCV  
  42  4:22  Supply Depot  
  42  4:26  SCV  
  42  4:28  SCV  
  42  4:30  Marine x2  
  42  4:31  Raven  
  48  4:38  SCV  
  48  4:40  SCV  
  48  4:41  Supply Depot  
  48  4:44  Refinery  
  48  4:45  Siege Tank  
  53  4:48  Marine  
  53  4:49  Marine  
  53  4:50  SCV  
  53  4:52  SCV  
  57  4:54  Supply Depot  
  57  5:03  SCV  
  57  5:05  Supply Depot  
  57  5:06  Marine x2  
  60  5:07  SCV  
  60  5:13  Starport  
  61  5:17  Siege Tank  
  61  5:26  SCV  
  62  5:30  Viking x2  
  62  5:31  SCV  
  67  5:40  Supply Depot  
  67  5:41  SCV  
  68  5:49  SCV  
  67  5:55  Viking  
  64  6:00  Viking x2  
  64  6:02  Siege Tank  
  71  6:08  SCV  
  71  6:10  Supply Depot  
  72  6:15  SCV  
  73  6:23  SCV  
  73  6:25  Viking  
  74  6:29  Viking  
  74  6:30  SCV  
  77  6:35  SCV  
  77  6:36  Viking  
  80  6:42  SCV  
  81  6:47  SCV  
  82  6:54  SCV  
  82  6:55  Viking  
  82  6:59  SCV, Viking  
  88  7:03  Siege Tank  
  88  7:06  SCV  
  88  7:08  Viking  
  91  7:11  SCV  
  92  7:18  SCV  
  93  7:24  SCV  
  93  7:28  Viking  
  93  7:29  Viking  
  87  7:31  SCV  
  87  7:36  SCV  
  89  7:38  Viking  
  89  7:43  SCV  
  91  7:48  SCV  
  83  7:55  SCV  
  83  7:58  Viking  
  79  7:59  Viking  
  79  8:00  SCV  
  82  8:07  SCV  
  82  8:09  Command Center  
  82  8:12  SCV  
  82  8:21  SCV  
  82  8:23  Barracks x2  
Tags
 
Add a new tag
Caveats
  • Supply blocks, unpowered buildings, or Contaminate may cause inaccurate times.
  • Supply counts are checked every 10 seconds.